 Dungeon Crawl Stone Soup version 0.20.1-1-g8b1a95d (webtiles) character file.

84 dohliylev the Sneak (level 4, -8/30 HPs)
             Began as a Vampire Enchanter on Dec 21, 2017.
             Killed from afar by an orc wizard (11 damage)
             ... with a magic dart
             ... on level 2 of the Dungeon.
             The game lasted 00:06:53 (1910 turns).

dohliylev the Sneak (Vampire Enchanter)             Turns: 1910, Time: 00:06:54

Health: -8/30      AC:  3    Str:  7    XL:     4   Next: 23%
Magic:  1/7        EV: 17    Int: 18    God:
Gold:   42         SH:  0    Dex: 19    Spells: 4/7 levels left

rFire    x . .     SeeInvis +   a - +1 dagger
rCold    + . .     Gourm    .   m - +0 buckler
rNeg     + . .     Faith    .   b - +0 robe
rPois    .         Spirit   .   (no helmet)
rElec    .         Reflect  .   j - +0 cloak
rCorr    .         Harm     .   (no gloves)
MR       .....                  (no boots)
Stlth    +++.......             (no amulet)
Regen    0.1/turn               o - ring of ice
MPRegen  0.1/turn               (no ring)

@: confused, agile, very slightly contaminated
A: fangs 3, see invisible, unbreathing
a: Bat Form


You were on level 2 of the Dungeon.
You were not thirsty.

You visited 1 branch of the dungeon, and saw 3 of its levels.

You collected 42 gold pieces.

Inventory:

Hand Weapons
 a - a +1 dagger (weapon)
Armour
 b - a +0 robe (worn)
 j - a +0 cloak (worn)
 m - a +0 buckler (worn)
Jewellery
 o - a ring of ice (left hand)
Scrolls
 g - a scroll of fear
 h - a scroll of enchant armour
 p - a scroll of teleportation {unknown}
Potions
 d - 11 potions of blood
Books
 c - a book of Maledictions

   Spells                             Type                      Level
   a - Corona                         Hexes                        1
   b - Ensorcelled Hibernation        Hexes/Ice                    2
   c - Confuse                        Hexes                        3
   d - Tukima's Dance                 Hexes                        3
   e - Dazzling Spray                 Conjuration/Hexes            3


   Skills:
 - Level 1.1 Short Blades
 - Level 2.1 Dodging
 + Level 6.3 Stealth
 + Level 0.1 Shields
 - Level 2.0 Spellcasting
 - Level 6.0 Hexes
 - Level 0.2 Ice Magic


You had 4 spell levels left.
You knew the following spells:

 Your Spells              Type           Power        Failure   Level  Hunger
a - Corona                Hex            ###....      2%          1    #......
b - Ensorcelled Hibernat  Hex/Ice        ###...       12%         2    ###....


Dungeon Overview and Level Annotations

Branches:
Dungeon (3/15)

Altars:


Innate Abilities, Weirdness & Mutations

You have razor-sharp teeth.
You have supernaturally acute eyesight. (SInv)
You can survive without breathing.


Message History

You bump into the rock wall.
The orc wizard points at you and mumbles some strange words.
You are more confused.
You closely miss the orc wizard.
The orc wizard is lightly wounded.
The orc wizard hits you with a dagger.
You barely miss the orc wizard. Your bite misses the orc wizard.
The orc wizard is lightly wounded.
The orc wizard gestures at you while chanting.
The magic dart hits you!
* * * LOW HITPOINT WARNING * * *
The orc wizard casts a spell at you. The magic dart hits you!
* * * LOW HITPOINT WARNING * * *
You bump into the rock wall.
The orc wizard misses you.
You hit the orc wizard.
The orc wizard is moderately wounded.
The orc wizard points at you and mumbles some strange words.
The magic dart hits you!
You die...

####### #######
#.....#
#.....##########.....#
#.###@##.............#
#.###o##....####...<.#
#.#....).....# #....?#
#.#.#.###...## ###.###
#####.#.#.# ##.## #.#
#.......#.# #.# #.#
#.###.....# #.# #.#
#.# ####### ##'## #.#
#.# ##..>## #.#


You could see an orc wizard (invisible).

Vanquished Creatures
  An orc priest (D:2)
  An adder (D:2)
  A worm (D:2)
  2 dart slugs
  A leopard gecko (D:1)
  2 ball pythons
  8 bats
  A giant cockroach (D:2)
  4 goblins
  5 hobgoblins
  8 kobolds
  2 frilled lizards (D:1)
  3 rats (D:1)
39 creatures vanquished.

Notes
Turn   | Place    | Note
-------+----------+-------------------------------------------
     0 | D:1      | dohliylev the Vampire Enchanter began the quest for the Orb.
     0 | D:1      | Reached XP level 1. HP: 13/13 MP: 3/3
    88 | D:1      | Reached skill level 5 in Hexes
   284 | D:1      | Reached XP level 2. HP: 19/19 MP: 3/5
   288 | D:1      | Learned a level 2 spell: Ensorcelled Hibernation
   437 | D:1      | Reached skill level 5 in Stealth
   845 | D:2      | Reached XP level 3. HP: 24/24 MP: 3/6
  1899 | D:2      | Reached XP level 4. HP: 17/30 MP: 0/7
  1910 | D:2      | Killed from afar by an orc wizard

Skill      XL: |  1  2  3 |
---------------+----------+-----
Hexes          | 5 6 |  6.0
Stealth        | 5 6 |  6.3
Short Blades   | |  1.1
Dodging        | |  2.1
Shields        | |  0.1
Spellcasting   | |  2.0
Ice Magic      | |  0.2

Action                   |  1- 3 |  4- 6 || total
-------------------------+-------+-------++-------
Melee: Dagger            |    90 |     5 ||    95
       Bite              |     5 |     1 ||     6
 Cast: Corona            |     7 |       ||     7
       Ensorcelled Hiber |    30 |       ||    30
  Use: Scroll            |     4 |       ||     4
       Potion            |     2 |       ||     2
 Stab: Sleeping          |    28 |       ||    28
  Eat: Corpse            |     9 |       ||     9
Armor: Robe              |    12 |       ||    12
Dodge: Dodged            |    51 |     2 ||    53
Block: Buckler           |     2 |       ||     2
